Map: Blackburn LE

Players

Stephano

  • Race: Zerg Zerg

MarineLorD - Winner!

  • Race: Terran Terran
  • League: Master

Event: DreamHack SC2 Masters 2021 Winter

VOD

Have the link to the VOD?

Description

Time

  • Played on: Oct. 1, 2021, 2 p.m.
  • Length: 13:20

All games in this series

Show
View Real Time Build Order
Export as new Build Order

Stephano Zerg 

Build Orders: Hatch First 

Get SALT Encoding   

  12  0:00  Drone  
  13  0:12  Overlord  
  13  0:16  Drone  
  14  0:30  Drone x2  
  16  0:48  Hatchery  
  15  0:51  Drone  
  15  0:54  Drone  
  17  0:58  Drone  
  18  1:09  Extractor  
  17  1:13  Spawning Pool  
  17  1:16  Drone  
  17  1:20  Drone  
  18  1:27  Drone  
  19  1:38  Drone  
  20  1:49  Drone  
  21  1:59  Queen  
  21  2:00  Zergling x4  
  21  2:01  Queen  
  27  2:11  Overlord  
  27  2:13  Drone  
  28  2:29  Metabolic Boost  
  28  2:33  Drone  
  28  2:35  Drone  
  28  2:36  Drone x2, Queen  
  33  2:38  Queen  
  35  2:46  Overlord  
  35  2:58  Overlord  
  35  3:05  Drone x2  
  37  3:10  Drone x5  
  42  3:20  Hatchery  
  42  3:26  Queen  
  43  3:36  Drone x3  
  43  3:40  Queen  
  48  3:47  Zergling x6  
  51  3:48  Overlord  
  51  3:56  Overlord  
  51  4:01  Overlord  
  51  4:06  Drone x2, Evolution Chamber x2  
  51  4:10  Drone x4  
  55  4:21  Zergling x4  
  57  4:25  Drone x3  
  60  4:36  Drone x4  
  60  4:37  Zerg Ground Armor Level 1  
  60  4:38  Zerg Melee Weapons Level 1  
  64  4:41  Zergling x2  
  64  4:42  Zergling x2  
  64  4:43  Spore Crawler  
  65  4:48  Queen  
  65  4:49  Drone x3  
  70  4:52  Extractor x2  
  68  5:01  Drone  
  68  5:02  Drone x6  
  75  5:10  Drone x2  
  75  5:11  Drone  
  75  5:13  Lair  
  78  5:14  Queen  
  78  5:16  Overlord  
  78  5:19  Overlord  
  80  5:32  Overlord  
  80  5:35  Baneling Nest  
  79  5:36  Drone x3  
  79  5:38  Extractor x2  
  79  5:42  Drone x6  
  86  5:45  Hatchery  
  85  5:55  Zergling x22  
  95  6:10  Zergling x6  
  95  6:11  Zergling x2  
  97  6:13  Overlord  
  97  6:15  Overlord  
  77  6:26  Drone x8  
  83  6:34  Zerg Ground Armor Level 2  
  83  6:35  Zerg Melee Weapons Level 2  
  83  6:37  Drone  
  83  6:38  Drone x3  
  87  6:41  Queen  
  89  6:48  Centrifugal Hooks  
  89  6:53  Zergling x8  
  93  6:54  Infestation Pit  
  93  6:55  Zergling x2  
  93  6:56  Zergling x2  
  93  6:57  Zergling x2  
  93  6:58  Overseer  
  95  7:05  Zergling x2  
  95  7:06  Zergling x10  
  101  7:09  Baneling x6  
  101  7:10  Baneling  
  101  7:18  Zergling x2  
  101  7:19  Zergling x16  
  110  7:28  Pneumatized Carapace  
  110  7:29  Overlord x3  
  110  7:36  Zergling x6  
  110  7:37  Zergling x6  
  110  7:43  Hive  
  105  7:44  Overlord  
  105  7:47  Zergling x10  
  105  7:51  Baneling  
  110  7:54  Zergling x4  
  110  7:55  Zergling x8  
  110  7:58  Baneling x6  
  116  8:01  Zergling x12  
  122  8:14  Hatchery  
  122  8:18  Zergling x10  
  123  8:27  Zergling x12  
  123  8:30  Baneling x9  
  120  8:38  Zergling x12  
  107  8:45  Baneling x9  
  107  8:46  Zergling x2  
  107  8:47  Zergling x6  
  103  8:54  Overlord  
  102  8:56  Baneling x4  
  102  8:58  Zergling x2, Ultralisk Cavern  
  102  8:59  Zergling x16  
  107  9:13  Zergling x8  
  107  9:17  Queen x2  
  107  9:19  Extractor  
  110  9:28  Zerg Ground Armor Level 3  
  110  9:42  Zergling x30, Queen x2  
  129  9:47  Queen  
  131  9:52  Chitinous Plating  
  131  9:58  Ultralisk x3  
  131  9:59  Zergling x8  
  118  10:17  Ultralisk  
  123  10:27  Zergling x20  
  123  10:28  Zergling x8  
  134  10:37  Baneling x8  
  134  10:48  Ultralisk  
  140  10:52  Zergling x16  
  146  11:10  Baneling x3  
  146  11:11  Baneling x7  
  146  11:12  Zergling x10  
  146  11:29  Ultralisk x2  
  140  11:37  Ultralisk  
  135  11:40  Zergling x26  
  135  11:54  Zergling x20  
  108  12:25  Spire, Overlord  
  107  12:36  Overlord  
  104  12:41  Zergling x2  
  104  12:42  Zergling x26  
  118  12:45  Ultralisk Cavern  
  115  12:53  Hatchery  
  114  13:05  Overseer  
Show
View Real Time Build Order
Export as new Build Order

MarineLorD Terran - Winner!

Build Orders: Reaper Expand 

Get SALT Encoding   

  12  0:00  SCV  
  13  0:12  SCV  
  14  0:17  Supply Depot  
  14  0:24  SCV  
  15  0:38  SCV  
  15  0:39  Barracks  
  16  0:43  Refinery  
  16  0:50  SCV  
  17  1:03  SCV  
  18  1:15  SCV  
  19  1:25  Reaper  
  19  1:27  Orbital Command  
  20  1:39  Command Center  
  20  1:51  Supply Depot  
  20  1:52  SCV  
  21  1:57  Marine  
  22  2:06  SCV  
  23  2:16  Factory  
  23  2:18  SCV  
  23  2:20  Barracks Reactor  
  24  2:31  SCV  
  25  2:43  SCV  
  25  2:44  Command Center  
  26  2:49  Engineering Bay  
  26  2:56  Orbital Command  
  26  3:04  SCV  
  27  3:11  Hellion x2  
  31  3:18  Barracks  
  31  3:20  Barracks Tech Lab  
  31  3:23  SCV  
  31  3:24  SCV  
  33  3:35  Hellion, SCV  
  33  3:36  SCV  
  33  3:37  Hellion  
  33  3:40  Marine  
  40  3:43  Stimpack  
  40  3:47  SCV  
  41  3:48  SCV  
  42  3:57  Orbital Command  
  42  3:58  Marine  
  42  3:59  SCV  
  42  4:01  SCV  
  45  4:06  Starport  
  45  4:11  SCV  
  45  4:13  SCV  
  45  4:16  Marine  
  48  4:19  Marine x2  
  48  4:20  Refinery, Factory Reactor  
  48  4:22  SCV  
  48  4:23  SCV  
  52  4:25  SCV  
  52  4:30  Supply Depot  
  53  4:31  Supply Depot  
  53  4:34  SCV, Marine  
  53  4:35  SCV  
  53  4:37  SCV, Marine x2  
  58  4:46  SCV  
  58  4:47  SCV  
  58  4:49  SCV  
  61  4:53  Supply Depot  
  61  4:54  Barracks  
  61  4:55  Supply Depot  
  61  4:56  Marine  
  61  4:57  Marine  
  61  4:59  SCV x2, Marine  
  66  5:01  SCV  
  66  5:03  Medivac x2  
  71  5:12  Refinery x2  
  72  5:14  Marine x2  
  72  5:15  Supply Depot, SCV  
  72  5:17  Marine  
  75  5:23  SCV  
  75  5:24  Combat Shield  
  75  5:26  Orbital Command  
  75  5:27  SCV  
  77  5:32  Marine x2  
  77  5:35  SCV, Marine  
  81  5:43  Barracks Reactor  
  81  5:44  Factory Tech Lab  
  81  5:46  SCV, Engineering Bay  
  81  5:47  SCV, Engineering Bay  
  83  5:50  Marine x2  
  83  5:54  SCV  
  83  5:55  Barracks  
  83  5:56  Barracks  
  86  5:58  SCV  
  87  6:10  SCV  
  86  6:12  Marine  
  86  6:14  Marine  
  86  6:15  SCV, Marine  
  86  6:16  SCV  
  81  6:21  Marine x2  
  81  6:22  SCV  
  81  6:24  Medivac x2  
  81  6:27  SCV  
  81  6:28  Terran Infantry Weapons Level 1, SCV, Terran Infantry Armor Level 1  
  81  6:30  Marine  
  77  6:34  SCV  
  77  6:35  Siege Tank  
  77  6:37  Marine x2  
  77  6:38  Marine  
  77  6:39  SCV  
  85  6:40  SCV  
  85  6:41  Supply Depot  
  85  6:43  Supply Depot, Concussive Shells  
  85  6:46  Barracks Reactor x2, SCV, Marine  
  88  6:48  Marine  
  88  6:51  SCV, Refinery  
  90  6:55  Medivac, Marine x2  
  90  6:56  Marine  
  90  7:00  Supply Depot  
  95  7:02  Supply Depot  
  95  7:03  Supply Depot  
  95  7:04  Marine  
  95  7:06  Marine  
  95  7:07  Siege Tank  
  100  7:13  Marine x2  
  100  7:14  Marine  
  103  7:22  SCV x2, Marine  
  106  7:23  SCV, Marine  
  106  7:24  Marine x4  
  106  7:25  Command Center  
  106  7:28  Medivac, Refinery  
  114  7:31  Marine x2  
  114  7:32  Marine  
  117  7:40  Marine  
  117  7:41  Marine x3  
  117  7:42  SCV, Marine x2  
  117  7:43  SCV x2  
  124  7:45  Siege Tank  
  124  7:48  Marine  
  124  7:49  Marine  
  124  7:50  Marine  
  130  7:55  Medivac  
  130  7:57  Medivac, Marine  
  135  7:59  Marine x5  
  135  8:01  Supply Depot  
  135  8:02  Armory  
  140  8:06  Marine  
  141  8:16  Marine x2  
  141  8:22  Marine x6  
  141  8:24  Marine  
  148  8:31  SCV x2  
  148  8:33  Marine x2  
  143  8:40  Marine x6  
  136  8:42  Marine  
  136  8:44  Medivac x2  
  136  8:46  SCV x2  
  143  8:51  Siege Tank, Marine x2  
  143  8:52  Drilling Claws  
  143  8:54  Terran Infantry Armor Level 2  
  148  8:58  Marine x6  
  148  9:00  Marine  
  155  9:09  Marine x2  
  156  9:14  Medivac x2  
  156  9:15  Marine x4  
  156  9:16  Planetary Fortress  
  164  9:18  Supply Depot x2  
  164  9:31  Terran Infantry Weapons Level 2  
  164  9:32  Supply Depot  
  164  9:33  Supply Depot  
  164  9:38  Marine  
  164  9:39  Marine x6  
  164  9:40  Siege Tank  
  164  9:41  Marine x2  
  164  9:44  Medivac  
  177  9:56  Marine  
  177  9:57  Factory, Marine x6  
  177  9:58  Barracks  
  177  9:59  Marine x2, Barracks  
  182  10:00  Barracks  
  135  10:14  Marine  
  135  10:15  Marine x4  
  135  10:16  Marine x2  
  135  10:17  Marine  
  135  10:18  Marine  
  135  10:20  Command Center  
  141  10:22  Widow Mine  
  141  10:24  SCV x3  
  146  10:32  Marauder  
  144  10:36  Liberator x2, SCV  
  144  10:39  Refinery, Marine  
  144  10:40  Refinery, Marine x3  
  155  10:43  Widow Mine  
  155  10:47  Marine  
  155  10:48  Marine  
  155  10:49  Barracks Tech Lab x2  
  158  10:50  Barracks Tech Lab, Marine  
  158  10:54  Marauder  
  161  11:00  Factory Reactor  
  161  11:05  Marine x3  
  161  11:08  Widow Mine  
  165  11:13  Marauder x3  
  165  11:14  Ghost Academy  
  165  11:15  Marauder  
  173  11:18  Marine x2  
  173  11:20  Marine  
  171  11:26  Marine x2  
  171  11:29  Marine x3  
  156  11:34  Marauder x3  
  156  11:35  Widow Mine  
  156  11:36  Marine x3  
  156  11:38  Marine  
  156  11:39  Widow Mine x2  
  168  11:44  Marine x2  
  160  11:47  Liberator x2, Marine x2  
  160  11:48  Marine  
  166  11:54  Marauder  
  166  11:55  Marauder x2, SCV x2  
  166  11:56  Widow Mine, SCV  
  166  11:58  Marauder, Marine x2  
  166  11:59  Marine  
  182  12:02  Marine  
  182  12:03  Marine  
  182  12:05  Marine x2  
  182  12:07  Marine  
  187  12:15  Supply Depot x2  
  178  12:16  Marine  
  178  12:20  Marine  
  179  12:30  Sensor Tower  
  179  12:36  Marine x2  
  179  12:37  Marauder, Widow Mine x2, Marine x2  
  187  12:39  Marauder  
  187  12:42  Marine x4  
  193  12:49  Marine x2  
  195  13:02  Marine  

Tags
 
Add a new tag
Caveats
  • Supply blocks, unpowered buildings, or Contaminate may cause inaccurate times.
  • Supply counts are checked every 10 seconds.